 Dungeon Crawl Stone Soup version 0.22-a0-422-g9628fc8 (webtiles) character file.

1831 4thArraOfDagon the Magician (level 8, -3/52 HPs)
             Began as a Mummy Fire Elementalist on May 16, 2018.
             Killed by miscasting Fireball (15 damage)
             ... on level 7 of the Dungeon.
             The game lasted 00:14:45 (3827 turns).

4thArraOfDagon the Magician (MuFE)                  Turns: 3827, Time: 00:14:46

Health: -3/52      AC:  3    Str: 17    XL:     8   Next: 86%
Magic:  1/18       EV: 12    Int: 17    God:
Gold:   266        SH:  0    Dex: 12    Spells: 7/20 levels left

rFire    . . .     SeeInvis .   d - +2 flail (crush)
rCold    + + .     Gourm    .   (no shield)
rNeg     + + +     Faith    .   a - +0 robe
rPois    ∞         Spirit   .   f - +0 helmet
rElec    .         Reflect  .   e - scarf {rC+ rF+}
rCorr    .         Harm     .   (no gloves)
MR       +....                  (no boots)
Stlth    ++........             (no amulet)
HPRegen  0.17/turn              j - +6 ring of strength
MPRegen  0.16/turn              (no ring)

@: very slightly contaminated
A: no food or potions, fire vulnerability, cold resistance 1, negative energy
resistance 3, torment resistance, unbreathing
a: no special abilities


You were on level 7 of the Dungeon.
You were not hungry.

You visited 2 branches of the dungeon, and saw 10 of its levels.

You collected 266 gold pieces.

Inventory:

Hand Weapons
 d - a +2 flail of crushing (weapon)
 g - a +0 halberd
Armour
 a - a +0 robe (worn)
 e - a scarf of resistance (worn)
 f - a +0 helmet (worn)
Jewellery
 j - a +6 ring of strength (left hand)
Wands
 l - a wand of disintegration (8)
Scrolls
 b - 5 scrolls of identify
 c - a scroll of fog {unknown}
 h - a scroll of remove curse
 i - a scroll of noise {unknown}
 k - 2 scrolls of immolation
 m - a scroll of acquirement
 n - a scroll of teleportation {unknown}


   Skills:
 - Level 1.5 Dodging
 - Level 1.5 Stealth
 + Level 6.7 Spellcasting
 * Level 6.0 Conjurations
 * Level 6.5 Fire Magic


You had 7 spell levels left.
You knew the following spells:

 Your Spells              Type           Power        Failure   Level  Hunger
a - Flame Tongue          Conj/Fire      ####.        1%          1    N/A
b - Conjure Flame         Conj/Fire      ####....     2%          3    N/A
c - Sticky Flame          Conj/Fire      ####....     9%          4    N/A
d - Fireball              Conj/Fire      ####......   24%         5    N/A

Your spell library contained the following spells:

 Spells                   Type           Power        Failure   Level  Hunger
 Throw Flame              Conj/Fire      ####..       1%          2    N/A
 Inner Flame              Hex/Fire       ###.....     10%         3    N/A

Dungeon Overview and Level Annotations

Branches:
Dungeon (9/15)             Temple (1/1) D:5            Lair (0/6) D:9
    Orc: D:9-12

Altars:
Ashenzari
Dithmenos
Elyvilon
Fedhas
Gozag
Hepliaklqana
Makhleb
Nemelex Xobeh
Okawaru
Qazlal
Trog
Uskayaw
Wu Jian
Xom
Yredelemnul
Zin
The Shining One

Shops:
D:5 [}[(

Annotations:
D:3 Borgoz's ghost, amateur GrAK


Innate Abilities, Weirdness & Mutations

You do not eat or drink.
Your flesh is vulnerable to fire.
You are immune to poison.
Your flesh is cold resistant. (rC+)
You are immune to negative energy. (rN+++)
You are immune to unholy pain and torment.
You can survive without breathing.


Message History

The gnoll is severely wounded.
The fireball engulfs the gnoll.
The gnoll is severely wounded.
The fireball engulfs the gnoll.
The gnoll is heavily wounded.
The fireball engulfs the gnoll.
The gnoll is severely wounded.
The gnoll hits you from afar with a halberd!
* * * LOW HITPOINT WARNING * * *
Unknown command.
Unknown command.
Casting: Fireball (quite dangerous; 24% risk of failure)
Confirm with . or Enter, or press ? or * to list all spells.
Aiming: Fireball (quite dangerous; 24% risk of failure)
Press: ? - help, Shift-Dir - straight line, f/p - gnoll
Aim: a gnoll, wielding a spear (severely wounded)
You miscast Fireball.
You are very lightly contaminated with residual magic.
Energy rips through your body!
You die...

#######
##.....##.
##.........
#..........
#..........
#..........
#####g.........
#.@§gg....g....
#.###g.........
###'# ##.....:...
#≈.≈#####.....##.
.#
##≈≈.≈≈##....###
......#
#§≈≈.≈§§##.###
...o....
#§§...§≈#..#
.....
...#§§≈.≈§§#
..... ..##≈≈)≈§##


You could see 4 gnolls.

Vanquished Creatures
  Prince Ribbit (D:7)
  A hungry ghost (D:8)
  An orc warrior (D:7)
  An ice beast (D:5)
  A sky beast (D:6)
  A black bear (D:8)
  An ogre (D:7)
  2 big kobolds (D:8)
  A bullfrog (D:8)
  A water moccasin zombie (D:7)
  A scorpion (D:6)
  3 killer bees (D:8)
  3 crimson imps
  3 orc wizards (D:7)
  An orc priest (D:9)
  3 hounds
  2 bullfrog skeletons (D:8)
  2 iguanas
  2 hound skeletons
  A howler monkey skeleton (D:8)
  8 gnolls
  5 adders
  A shadow imp (D:7)
  An adder skeleton (D:8)
  A worm (D:2)
  3 leopard geckos
  2 orcs
  2 giant cockroaches (D:1)
  6 goblins
  3 hobgoblins
  4 jackals
  14 kobolds
  A quokka (D:5)
  2 bats
  3 frilled lizards
88 creatures vanquished.

Notes
Turn   | Place    | Note
-------+----------+-------------------------------------------
     0 | D:1      | 4thArraOfDagon the Mummy Fire Elementalist began the quest for the Orb.
     0 | D:1      | Reached XP level 1. HP: 13/13 MP: 4/4
    61 | D:1      | Reached skill level 1 in Conjurations
   248 | D:1      | Reached XP level 2. HP: 17/19 MP: 3/5
   684 | D:3      | Noticed Borgoz's ghost (amateur GrAK)
   742 | D:2      | Reached XP level 3. HP: 24/24 MP: 2/7
   747 | D:2      | Learned a level 3 spell: Conjure Flame
  1166 | D:5      | Entered Level 5 of the Dungeon
  1187 | D:5      | Found Dedemaem's Antique Armour Boutique.
  1250 | D:5      | Noticed an ice beast
  1331 | D:5      | Found a hide-covered altar of Uskayaw.
  1373 | D:5      | Reached XP level 4. HP: 3/30 MP: 1/9
  1643 | D:5      | Learned a level 4 spell: Sticky Flame
  1676 | D:5      | Noticed an orc warrior
  1677 | D:5      | :O
  1677 | D:5      | WHY
  1864 | D:5      | Reached XP level 5. HP: 34/35 MP: 10/10
  1874 | D:5      | Killed an ice beast
  1973 | D:5      | Found a staircase to the Ecumenical Temple.
  1982 | Temple   | Entered the Ecumenical Temple
  2073 | Temple   | thx
  2186 | D:5      | Found Herusch's Gadget Boutique.
  2272 | D:5      | Found Piemot's Antique Weapon Shop.
  2320 | D:5      | Noticed a dagger
  2320 | D:5      | Noticed a hand axe
  2338 | D:5      | Reached XP level 6. HP: 36/41 MP: 7/12
  2345 | D:5      | Learned a level 5 spell: Fireball
  2365 | D:5      | Found Dixoept's Armour Emporium.
  2399 | D:5      | land of confusion
  2509 | D:6      | Noticed a sky beast
  2531 | D:6      | Killed a sky beast
  2704 | D:7      | Noticed Prince Ribbit
  2864 | D:7      | Noticed an orc warrior
  2884 | D:7      | Killed Prince Ribbit
  2884 | D:7      | Reached skill level 5 in Spellcasting
  2884 | D:7      | Reached XP level 7. HP: 31/46 MP: 7/14
  2950 | D:7      | Reached skill level 5 in Fire Magic
  3125 | D:8      | Noticed a hungry ghost
  3130 | D:8      | Killed a hungry ghost
  3130 | D:8      | Reached XP level 8. HP: 41/52 MP: 12/16
  3180 | D:8      | Reached skill level 5 in Conjurations
  3221 | D:8      | Found a shattered altar of Ashenzari.
  3359 | D:9      | Identified a scroll of acquirement
  3827 | D:7      | Killed by miscasting Fireball

Vault maps used:
D:1:      minmay_arrival_five_plusses
D:2:      chequers_temple_overflow_statue_of_worship
D:3:      old_standard_altar, uniq_grinder, uniq_robin
D:4:      kennysheep_generic_room_10
D:5:      dancing_weapons_uskayaw, temple_hall, first_ration, serial_shops,
          nicolae_shop_stone, shop, kennysheep_mini, shop_fountains,
          minmay_misc_feat_rows, corexii_leaking_fountain
D:7:      cheibriados_altar_1, kennysheep_small_circle, uniq_prince_ribbit1
D:8:      lemuel_doored_altar
D:9:      dpeg_lair_monsters, the_bakery
Temple:   eino_temple_scatter_basement

Skill      XL: |  1  2  3  4  5  6  7  8 |
---------------+-------------------------+-----
Conjurations   | 1 2 3 4 6 |  6.0
Spellcasting   | 3 4 5 6 |  6.7
Fire Magic     | 3 4 5 6 |  6.5
Dodging        | |  1.5
Stealth        | |  1.5

Action                   |  1- 3 |  4- 6 |  7- 9 || total
-------------------------+-------+-------+-------++-------
Melee: Mace              |    38 |       |       ||    38
       Unarmed           |     4 |       |       ||     4
       Trident           |     1 |       |       ||     1
       Flail             |       |    32 |    66 ||    98
 Cast: Flame Tongue      |    48 |    28 |    16 ||    92
       Sticky Flame      |       |     5 |    15 ||    20
       Conjure Flame     |       |     2 |     7 ||     9
       Fireball          |       |       |     1 ||     1
Evoke: Wand              |       |     1 |     5 ||     6
  Use: Scroll            |     6 |     1 |     2 ||     9
 Stab: Sleeping          |       |     1 |       ||     1
Armor: Robe              |    22 |    10 |    20 ||    52
Dodge: Dodged            |    61 |    31 |    72 ||   164

Table legend:
 A = Spawn XP
 B = Non-spawn XP
 C = Spawn XP percentage of total XP
 D = Spawn monster count
 E = Non-spawn monster count
 F = Spawn count percentage of total count
 G = Total turns spent on level
                    A         B        C        D         E        F      G
               +---------+---------+-------+---------+---------+-------+---------
         Total |       0 |    2617 |   0.0 |       0 |      88 |   0.0 |  3827
               +---------+---------+-------+---------+---------+-------+---------
           D:1 |       0 |      23 |   0.0 |       0 |      13 |   0.0 |   641
           D:2 |       0 |      24 |   0.0 |       0 |       5 |   0.0 |   152
           D:3 |       0 |      26 |   0.0 |       0 |       7 |   0.0 |   320
           D:4 |       0 |      53 |   0.0 |       0 |       3 |   0.0 |   143
           D:5 |       0 |     262 |   0.0 |       0 |       9 |   0.0 |  1048
           D:6 |       0 |     275 |   0.0 |       0 |       6 |   0.0 |   342
           D:7 |       0 |     919 |   0.0 |       0 |      15 |   0.0 |   375
           D:8 |       0 |     991 |   0.0 |       0 |      28 |   0.0 |   615
           D:9 |       0 |      44 |   0.0 |       0 |       2 |   0.0 |    95
               +---------+---------+-------+---------+---------+-------+---------
